 Dungeon Crawl Stone Soup version 0.21.1-1-g345015f (webtiles) character file.

111 Mgcat the Insei (level 4, -1/34 HPs)
             Began as a Gnoll Transmuter on Mar 18, 2018.
             Slain by tidbits's ghost (8 damage)
             ... on level 3 of the Dungeon.
             The game lasted 00:05:06 (2235 turns).

Mgcat the Insei (Gnoll Transmuter)                  Turns: 2235, Time: 00:05:07

Health: -1/34      AC:  4    Str:  9 (10) XL:     4   Next: 92%
Magic:  7/11       EV: 14    Int: 15 (17) God:
Gold:   80         SH:  0    Dex: 12 (15) Spells: 3/13 levels left

rFire    . . .     SeeInvis .   g - +1 dagger (holy)
rCold    . . .     Gourm    +   (no shield)
rNeg     + . .     Faith    .   b - +0 robe
rPois    .         Spirit   .   (no helmet)
rElec    .         Reflect  .   (no cloak)
rCorr    .         Harm     .   (no gloves)
MR       .....                  (no boots)
Stlth    ++........             l - amulet of the gourmand {Gourm, !d}
HPRegen  0.11/turn              s - ring of positive energy {rN+}
MPRegen  0.12/turn              (no ring)

@: no status effects
A: distributed training, fangs 1, slimy green scales 1, weak 1, strong nose
a: no special abilities


You were on level 3 of the Dungeon.
You were completely stuffed.

You visited 1 branch of the dungeon, and saw 3 of its levels.

You collected 80 gold pieces.

Inventory:

Hand Weapons
 g - a +1 dagger of holy wrath (weapon)
   (You took it off a goblin on level 2 of the Dungeon)
 q - a +0 spear
   (You found it on level 2 of the Dungeon)
Missiles
 a - 40 arrows
Armour
 b - a +0 robe (worn)
Jewellery
 l - an amulet of the gourmand (around neck) {Gourm, !d}
   (You found it on level 1 of the Dungeon)
 s - a ring of positive energy (left hand) {rN+}
   (You found it on level 2 of the Dungeon)
Wands
 o - a wand of digging (16)
   (You took it off Ijyb on level 2 of the Dungeon)
Scrolls
 e - a scroll of fear {unknown}
 f - 2 scrolls of random uselessness {unknown}
 h - a scroll of fog {unknown}
 i - 3 scrolls of identify {unknown}
 n - a scroll of noise {unknown}
 p - a scroll of magic mapping {unknown}
 r - a scroll of enchant weapon {unknown}
Potions
 j - a potion of mutation {!q}
 m - a potion of curing
Books
 c - a book of Changes
Comestibles
 d - 5 rations
 k - 11 chunks of flesh {@w0}


   Skills:
 + Level 2.8 Fighting
 + Level 1.2 Short Blades
 + Level 1.2 Long Blades
 + Level 1.2 Axes
 + Level 1.2 Maces & Flails
 + Level 1.2 Polearms
 + Level 1.2 Staves
 + Level 1.2 Slings
 + Level 1.2 Bows
 + Level 1.2 Crossbows
 + Level 1.2 Throwing
 + Level 1.2 Armour
 + Level 4.7 Dodging
 + Level 1.2 Stealth
 + Level 1.2 Shields
 + Level 6.6 Unarmed Combat
 + Level 5.1 Spellcasting
 + Level 1.0 Conjurations
 + Level 1.0 Hexes
 + Level 1.0 Charms
 + Level 1.0 Summonings
 + Level 1.0 Necromancy
 + Level 1.0 Translocations
 + Level 3.9 Transmutations
 + Level 1.0 Fire Magic
 + Level 1.0 Ice Magic
 + Level 1.0 Air Magic
 + Level 1.0 Earth Magic
 + Level 1.0 Poison Magic
 + Level 1.4 Invocations
 + Level 1.2 Evocations


You had 3 spell levels left.
You knew the following spells:

 Your Spells              Type           Power        Failure   Level  Hunger
a - Beastly Appendage     Tmut           ###...       3%          1    None
b - Sticks to Snakes      Tmut           ###.....     4%          2    ##.....
c - Spider Form           Tmut/Pois      ##........   17%         3    ###....
d - Ice Form              Ice/Tmut       ##......     50%         4    ####...


Dungeon Overview and Level Annotations

Branches:
Dungeon (3/15)

Altars:

Annotations:
D:3 tidbits's ghost, amateur GnTm


Innate Abilities, Weirdness & Mutations

Your experience applies equally to all skills.
You have very sharp teeth.
Your uncanny sense of smell can sniff out nearby items.
You are partially covered in slimy green scales. (AC +2)
You are weak. (Str -2)


Message History

Casting: Sticks to Snakes
Confirm with . or Enter, or press ? or * to list all spells.
You create a snake!
You now have 41 arrows.
Your ball python misses tidbits's ghost.
Tidbits's ghost barely misses you.
You hit tidbits's ghost.
Tidbits's ghost convulses.
Your bite misses tidbits's ghost.
Tidbits's ghost is moderately damaged.
Your ball python closely misses tidbits's ghost.
Tidbits's ghost closely misses you.
You completely miss tidbits's ghost.
Tidbits's ghost is moderately damaged.
Your ball python misses tidbits's ghost.
Your ball python closely misses tidbits's ghost.
Tidbits's ghost closely misses you.
You hit tidbits's ghost.
Tidbits's ghost convulses.
Tidbits's ghost is moderately damaged.
Your ball python bites tidbits's ghost but does no damage.
Your ball python barely misses tidbits's ghost.
Tidbits's ghost hits you but does no damage.
Your ball python barely misses tidbits's ghost.
Casting: Sticks to Snakes
Confirm with . or Enter, or press ? or * to list all spells.
You create a snake!
You now have 40 arrows.
Your ball python barely misses tidbits's ghost.
Your ball python closely misses tidbits's ghost.
Tidbits's ghost closely misses you.
Your ball python misses tidbits's ghost.
Your ball python closely misses tidbits's ghost.
Your ball python completely misses tidbits's ghost.
Tidbits's ghost hits you!
You hit tidbits's ghost.
Tidbits's ghost convulses.
Tidbits's ghost is heavily damaged.
Your ball python barely misses tidbits's ghost.
Your adder closely misses tidbits's ghost.
Your ball python barely misses tidbits's ghost.
You closely miss tidbits's ghost.
Tidbits's ghost is heavily damaged.
Tidbits's ghost misses you.
Your adder closely misses tidbits's ghost.
Your ball python barely misses tidbits's ghost.
Your ball python bites tidbits's ghost.
You hit tidbits's ghost but do no damage.
You bite tidbits's ghost, but do no damage.
Tidbits's ghost is heavily damaged.
Your adder completely misses tidbits's ghost.
Your ball python bites tidbits's ghost.
Tidbits's ghost hits you.
Your ball python closely misses tidbits's ghost.
You hit tidbits's ghost.
Tidbits's ghost convulses.
Your punch misses tidbits's ghost.
Tidbits's ghost is severely damaged.
Your adder bites tidbits's ghost.
Your ball python closely misses tidbits's ghost.
Tidbits's ghost hits you.
Your ball python barely misses tidbits's ghost.
Your adder bites tidbits's ghost.
You miss tidbits's ghost.
Tidbits's ghost is severely damaged.
Your ball python closely misses tidbits's ghost. x2
Tidbits's ghost barely misses you.
Your adder closely misses tidbits's ghost.
Your ball python closely misses tidbits's ghost.
You closely miss tidbits's ghost.
Tidbits's ghost is severely damaged.
Your ball python barely misses tidbits's ghost.
Tidbits's ghost misses you.
Your adder misses tidbits's ghost.
Your ball python barely misses tidbits's ghost. x2
You closely miss tidbits's ghost.
Tidbits's ghost is severely damaged.
Your adder closely misses tidbits's ghost.
Tidbits's ghost hits you.
Your ball python barely misses tidbits's ghost.
Your ball python closely misses tidbits's ghost.
You barely miss tidbits's ghost.
Tidbits's ghost is severely damaged.
Your adder misses tidbits's ghost. Tidbits's ghost closely misses you.
Your ball python misses tidbits's ghost.
Your ball python closely misses tidbits's ghost.
Your adder bites tidbits's ghost but does no damage.
You closely miss tidbits's ghost.
Tidbits's ghost is severely damaged.
Your ball python closely misses tidbits's ghost.
Tidbits's ghost hits you.
* * * LOW HITPOINT WARNING * * *
Your adder bites tidbits's ghost but does no damage.
Your ball python misses tidbits's ghost.
You miss tidbits's ghost.
Tidbits's ghost is severely damaged.
Your ball python withers and dies!
Your adder misses tidbits's ghost.
Your ball python bites tidbits's ghost but does no damage.
Tidbits's ghost hits your ball python!
Your ball python dies!
You barely miss tidbits's ghost.
Tidbits's ghost is severely damaged.
Your adder bites tidbits's ghost.
Tidbits's ghost closely misses you.
You closely miss tidbits's ghost.
Tidbits's ghost is severely damaged.
Your adder bites tidbits's ghost.
Tidbits's ghost hits you!
You die...

.# .+ ∆ .# . W# .# ..
.############.#######
........$......(....
....###?###†###..#
....###.###...÷..#######
...........)...S........
..#.###÷###.###W@.####.
.##.# #.# #.# #...####.
###.# ### #.# #........
#.# #.# #)#...... #.#
#.# #.#.#.##.# #.# #.#
#...#... # #.# #.# #..##
#.. #.# #..# .# ∆ #..# ∆


You could see tidbits's ghost and a friendly adder.

Vanquished Creatures
  Ijyb (D:2)
  3 gnolls (D:2)
  A worm (D:2)
  2 dart slugs
  A leopard gecko (D:2)
  2 giant cockroaches
  10 goblins
  8 hobgoblins
  6 kobolds
  6 bats
  5 frilled lizards
  A jackal skeleton (D:2)
  4 rats
50 creatures vanquished.

Vanquished Creatures (collateral kills)
  An adder (D:2)
1 creature vanquished.

Vanquished Creatures (others)
  2 jackals (D:3)
2 creatures vanquished.

Grand Total: 53 creatures vanquished

Notes
Turn   | Place    | Note
-------+----------+-------------------------------------------
     0 | D:1      | Mgcat the Gnoll Transmuter began the quest for the Orb.
     0 | D:1      | Reached XP level 1. HP: 17/17 MP: 6/6
   140 | D:1      | Reached XP level 2. HP: 12/23 MP: 7/7
   513 | D:2      | Learned a level 2 spell: Sticks to Snakes
   841 | D:2      | Gained mutation: You are weak. (Str -2) [potion of mutation]
   841 | D:2      | Gained mutation: You are partially covered in slimy green scales. (AC +2) [potion of mutation]
   853 | D:2      | Reached skill level 5 in Spellcasting
   853 | D:2      | Reached XP level 3. HP: 8/28 MP: 3/9
   854 | D:2      | HP: 7/28 [poisoned by an adder]
   861 | D:2      | HP: 4/28 [hobgoblin (2)]
   866 | D:2      | HP: 2/28 [poisoned by an adder]
  1204 | D:2      | Reached skill level 1 in Invocations
  1213 | D:2      | Reached skill level 1 in Short Blades
  1213 | D:2      | Reached skill level 1 in Long Blades
  1213 | D:2      | Reached skill level 1 in Axes
  1213 | D:2      | Reached skill level 1 in Maces & Flails
  1213 | D:2      | Reached skill level 1 in Polearms
  1213 | D:2      | Reached skill level 1 in Staves
  1213 | D:2      | Reached skill level 1 in Slings
  1213 | D:2      | Reached skill level 1 in Bows
  1213 | D:2      | Reached skill level 1 in Crossbows
  1213 | D:2      | Reached skill level 1 in Throwing
  1213 | D:2      | Reached skill level 1 in Armour
  1213 | D:2      | Reached skill level 1 in Stealth
  1213 | D:2      | Reached skill level 1 in Shields
  1213 | D:2      | Reached skill level 1 in Evocations
  1213 | D:2      | Reached XP level 4. HP: 11/34 MP: 11/11
  1467 | D:2      | Learned a level 3 spell: Spider Form
  1472 | D:2      | Learned a level 4 spell: Ice Form
  1740 | D:2      | Noticed Ijyb
  1806 | D:2      | Killed Ijyb
  1806 | D:2      | Reached skill level 1 in Conjurations
  1806 | D:2      | Reached skill level 1 in Hexes
  1806 | D:2      | Reached skill level 1 in Charms
  1806 | D:2      | Reached skill level 1 in Summonings
  1806 | D:2      | Reached skill level 1 in Necromancy
  1806 | D:2      | Reached skill level 1 in Translocations
  1806 | D:2      | Reached skill level 1 in Fire Magic
  1806 | D:2      | Reached skill level 1 in Ice Magic
  1806 | D:2      | Reached skill level 1 in Air Magic
  1806 | D:2      | Reached skill level 1 in Earth Magic
  1806 | D:2      | Reached skill level 1 in Poison Magic
  2209 | D:3      | Noticed tidbits's ghost (amateur GnTm)
  2232 | D:3      | HP: 7/34 [tidbits's ghost (6)]
  2235 | D:3      | Slain by tidbits's ghost

Skill      XL: |  1  2  3  4 |
---------------+-------------+-----
Spellcasting   | 5 |  5.1
Invocations    | 1 |  1.4
Short Blades   | 1 |  1.2
Long Blades    | 1 |  1.2
Axes           | 1 |  1.2
Maces & Flails | 1 |  1.2
Polearms       | 1 |  1.2
Staves         | 1 |  1.2
Slings         | 1 |  1.2
Bows           | 1 |  1.2
Crossbows      | 1 |  1.2
Throwing       | 1 |  1.2
Armour         | 1 |  1.2
Stealth        | 1 |  1.2
Shields        | 1 |  1.2
Evocations     | 1 |  1.2
Conjurations   | 1 |  1.0
Hexes          | 1 |  1.0
Charms         | 1 |  1.0
Summonings     | 1 |  1.0
Necromancy     | 1 |  1.0
Translocations | 1 |  1.0
Fire Magic     | 1 |  1.0
Ice Magic      | 1 |  1.0
Air Magic      | 1 |  1.0
Earth Magic    | 1 |  1.0
Poison Magic   | 1 |  1.0
Fighting       | |  2.8
Dodging        | |  4.7
Unarmed Combat | |  6.6
Transmutations | |  3.9

Action                   |  1- 3 |  4- 6 || total
-------------------------+-------+-------++-------
Melee: Club              |    31 |       ||    31
       Unarmed           |     6 |       ||     6
       Headbutt          |     6 |     4 ||    10
       Dagger            |    49 |   117 ||   166
       Spear             |    10 |       ||    10
       Kick              |     8 |     3 ||    11
       Bite              |     5 |     9 ||    14
       Punch             |     3 |     3 ||     6
 Cast: Beastly Appendage |    15 |     6 ||    21
       Sticks to Snakes  |     2 |     5 ||     7
  Use: Potion            |     2 |     2 ||     4
 Stab: Sleeping          |     1 |     2 ||     3
  Eat: Chunk             |     8 |     8 ||    16
Armor: Robe              |    17 |    23 ||    40
Dodge: Dodged            |    82 |    65 ||   147

Vault maps used:
D:1:      noname_arrival_rooms_in_the_neighbourhood
D:2:      kennysheep_the_goblin_king
D:3:      grunt_temple_overflow_holy_war, fedhas_altar_fruit_tree,
          gammafunk_temple_overflow_pools, first_ration, nrook_loot_triangle

Table legend:
 A = Turns spent in this place as a percentage of turns spent in the entire game.
 B = Non-inter-level travel turns spent in this place as a percentage of non-inter-level travel turns spent in the entire game.
 C = Inter-level travel turns spent in this place as a percentage of turns spent in this place.
 D = Turns resting spent in this place as a percentage of non-inter-level travel turns spent in this place.
 E = Turns spent auto-exploring this place as a percentage of non-inter-level travel turns spent in this place.
 F = Non-inter-level travel turns spent in this place divided by the number of levels of this place that you've seen.
                   A       B       C       D       E      F
               +-------+-------+-------+-------+-------+----------------------
         Total | 100.0 | 100.0 |   1.8 |   0.0 |  78.8 | 731.3
       Dungeon | 100.0 | 100.0 |   1.8 |   0.0 |  78.8 | 731.3
               +-------+-------+-------+-------+-------+----------------------

Table legend:
 A = Kills in this place as a percentage of kills in entire the game.
 B = Kills by you in this place as a percentage of kills by you in the entire game.
 C = Kills by friends in this place as a percentage of kills by friends in the entire game.
 D = Other kills in this place as a percentage of other kills in the entire game.
 E = Experience gained in this place as a percentage of experience gained in the entire game.
 F = Experience gained in this place divided by the number of levels of this place that you have seen.
                   A       B       C       D       E      F
               +-------+-------+-------+-------+-------+----------------------
         Total | 100.0 | 100.0 | 100.0 |   N/A | 100.0 |  53.0
       Dungeon | 100.0 | 100.0 | 100.0 |   N/A | 100.0 |  53.0
               +-------+-------+-------+-------+-------+----------------------
